 Dungeon Crawl Stone Soup version 0.21.1-1-g345015f (webtiles) character file.

30452 prawnwizard the Severer (level 13, -3/119 HPs)
             Began as a Minotaur Berserker on June 30, 2018.
             Was the Champion of Trog.
             Slain by a spiny frog (5 damage)
             ... on level 4 of the Lair of Beasts.
             The game lasted 00:33:29 (13094 turns).

prawnwizard the Severer (Minotaur Berserker)       Turns: 13094, Time: 00:33:30

Health: -3/119     AC: 23    Str: 29    XL:     13   Next: 20%
Magic:  12/12      EV:  2    Int:  4    God:    Trog [******]
Gold:   1027       SH:  0    Dex: 10    Spells: 12/12 levels left

rFire    . . .     SeeInvis .   R - +5 battleaxe (freeze)
rCold    . . .     Gourm    .   (shield currently unavailable)
rNeg     + + +     Faith    +   w - +0 plate armour
rPois    ∞         Spirit   .   (helmet restricted)
rElec    +         Reflect  .   (no cloak)
rCorr    .         Harm     .   h - +2 pair of gloves
MR       .....                  H - +0 pair of boots
Stlth    ..........             t - amulet "Liusy" {Faith rElec Str+2}
HPRegen  0.29/turn              L - ring of poison resistance
MPRegen  0.13/turn              J - +3 ring of protection

@: lethally poisoned (-3 -> -3), petrified
A: retaliatory headbutt, horns 2
a: Berserk, Trog's Hand, Brothers in Arms, Burn Spellbooks, Renounce Religion


You were on level 4 of the Lair of Beasts.
You worshipped Trog.
Trog was exalted by your worship.
You were not hungry.

You visited 2 branches of the dungeon, and saw 15 of its levels.

You collected 1027 gold pieces.

Inventory:

Hand Weapons
 a - a +0 hand axe
 A - a +2 flail of protection
 B - a +2 hand axe of flaming
 I - a +2 hand axe of draining
 R - a +5 battleaxe of freezing (weapon)
Armour
 h - a +2 pair of gloves (worn)
 w - a +0 plate armour (worn)
 H - a +0 pair of boots (worn)
Jewellery
 s - a cursed amulet of inaccuracy {unknown}
 t - the amulet "Liusy" (around neck) {Faith rElec Str+2}
   (You found it on level 8 of the Dungeon)

   [amulet of faith]

   It allows you to gain divine favour quickly.
   It affects your strength (+2).
   It insulates you from electricity.
 x - an uncursed ring of see invisible
 D - a cursed -2 ring of protection
 G - an uncursed ring of protection from magic
 J - a +3 ring of protection (right hand)
 L - a ring of poison resistance (left hand)
 U - an uncursed ring of protection from fire {unknown}
Wands
 v - a wand of flame (28)
 y - a wand of iceblast (6)
 C - a wand of digging (7)
Scrolls
 e - 8 scrolls of remove curse
 f - 15 scrolls of identify
 j - 2 scrolls of enchant weapon
 m - a scroll of summoning {unknown}
 q - 2 scrolls of immolation
 z - 4 scrolls of enchant armour
 K - a scroll of noise {unknown}
 M - a scroll of fog {unknown}
 N - 3 scrolls of teleportation
 O - a scroll of torment {unknown}
 P - a scroll of blinking {unknown}
 S - a scroll of fear
Potions
 b - 3 potions of resistance
 d - 2 potions of ambrosia {unknown}
 g - 3 potions of agility {unknown}
 i - a potion of cancellation {unknown}
 k - 3 potions of berserk rage {unknown}
 l - 3 potions of might {unknown}
 n - 4 potions of flight {unknown}
 o - 4 potions of degeneration {unknown}
 p - 7 potions of curing
 r - 8 potions of heal wounds {unknown}
 u - 3 potions of haste {unknown}
 E - a potion of lignification {unknown}
 F - 3 potions of magic {unknown}
 T - a potion of mutation {unknown}
Miscellaneous
 Q - a fan of gales
Comestibles
 c - 32 rations
 V - 4 chunks of flesh


   Skills:
 + Level 12.4 Fighting
 * Level 16.5 Axes
 + Level 12.2 Armour
 + Level 11.2 Dodging


You had 12 spell levels left.
You didn't know any spells.

Dungeon Overview and Level Annotations

Branches:
Dungeon (11/15)            Temple (0/1) D:5            Lair (4/6) D:11
  Swamp (0/4) Lair:3       Spider (0/4) Lair:4          Orc (0/2) D:10

Altars:
Dithmenos
Qazlal
Uskayaw

Shops:
D:10 [

Annotations:
Lair:2 exclusion: ice statue


Innate Abilities, Weirdness & Mutations

You reflexively headbutt those who attack you in melee.
You have a pair of horns on your head.


Message History

The 12-headed hydra bites you.
* * * LOW HITPOINT WARNING * * *
The 12-headed hydra bites you but does no damage. x5
The 12-headed hydra bites you.
* * * LOW HITPOINT WARNING * * *
The 12-headed hydra bites you.
* * * LOW HITPOINT WARNING * * *
The 12-headed hydra bites you.
The 12-headed hydra bites you but does no damage. x2
The spiny frog stings you but does no damage.
The 12-headed hydra bites you!
* * * LOW HITPOINT WARNING * * *
The 12-headed hydra bites you!
* * * LOW HITPOINT WARNING * * *
The 12-headed hydra bites you but does no damage.
The 12-headed hydra bites you!
* * * LOW HITPOINT WARNING * * *
The 12-headed hydra bites you but does no damage. x8
The spiny frog stings you!
You die...

#..........
#.........#
#.........##
##.........#
###........#
#..........#
##.........#
#.#........#
##...%@....#
#.#..lFD...#
..#.........#
..............#
...............#
..............##
..............
.............#


You could see a 12-headed hydra, a spiny frog and a basilisk.

Vanquished Creatures
  The ghost of manchovi the Basher, a journeyman MiFi of Yredelemnul (D:11)
  3 hydras
  Erica (D:8)
  A two-headed ogre (D:7)
  The ghost of Toad22484 the Cleaver, a novice MiBe of Trog (D:6)
  A cyclops (D:11)
  6 elephants (Lair:2)
  Joseph (D:7)
  The ghost of gmarks the Skirmisher, a novice OpWn of Ru (D:5)
  10 spiny frogs
  4 komodo dragons
  A freezing wraith (Lair:2)
  The ghost of Silentouch the Shield-Bearer, an amateur DrFi of Dithmenos (D:4)
  A hornet (D:10)
  A troll (D:11)
  3 polar bears
  8 blink frogs (Lair:2)
  5 hippogriffs
  2 wyverns
  The ghost of Toad22484 the Chopper, an amateur MiBe of Trog (D:3)
  2 basilisks
  21 yaks
  4 vampire mosquitoes (Lair:3)
  2 hungry ghosts
  An acid dragon (D:11)
  3 water moccasins
  5 porcupines
  2 hell hounds (D:11)
  9 ice beasts
  5 sky beasts
  2 orc warriors
  3 phantoms
  5 necrophages (D:7)
  6 centaurs
  7 ogres
  8 crocodiles
  A big kobold (D:8)
  17 bullfrogs
  2 gnoll sergeants
  4 scorpions
  52 killer bees
  7 wights
  4 howler monkeys
  6 crimson imps
  A hound (D:11)
  2 jellies
  7 orc priests
  10 orc wizards
  4 iguanas
  Ijyb (D:3)
  Natasha (thrice) (D:2)
  9 worker ants
  A killer bee zombie (D:7)
  3 hound zombies
  9 gnolls
  9 adders
  3 shadow imps
  A white imp (Lair:2)
  An adder skeleton (D:4)
  2 adder zombies
  8 worms
  4 leopard geckos
  54 orcs
  2 giant cockroaches (D:2)
  12 goblins
  4 hobgoblins
  9 jackals
  10 kobolds
  3 quokkas
  2 ball pythons (D:4)
  8 bats
  4 frilled lizards
  A jackal skeleton (D:6)
  A jackal zombie (D:7)
  A quokka skeleton (D:7)
  A quokka zombie (D:6)
  8 rats
  A plant (Lair:2)
430 creatures vanquished.

Vanquished Creatures (others)
  5 fungi
  A plant (Lair:2)
6 creatures vanquished.

Grand Total: 436 creatures vanquished

Notes
Turn   | Place    | Note
-------+----------+-------------------------------------------
     0 | D:1      | prawnwizard the Minotaur Berserker began the quest for the Orb.
     0 | D:1      | Reached XP level 1. HP: 19/19 MP: 0/0
   100 | D:1      | Reached XP level 2. HP: 16/27 MP: 1/1
   152 | D:1      | Reached skill level 4 in Axes
   628 | D:1      | Reached XP level 3. HP: 8/33 MP: 2/2
   858 | D:2      | Reached XP level 4. HP: 17/41 MP: 3/3
  1061 | D:2      | Reached skill level 5 in Axes
  1163 | D:2      | Noticed Natasha
  1171 | D:2      | Killed Natasha
  1179 | D:2      | Noticed Natasha
  1182 | D:2      | Killed Natasha
  1182 | D:2      | Reached ** piety under Trog
  1182 | D:2      | Reached XP level 5. HP: 31/47 MP: 4/4
  1333 | D:2      | Noticed Natasha
  1339 | D:2      | Killed Natasha
  2026 | D:3      | Found a stormy altar of Qazlal.
  2040 | D:3      | Found a faded altar of an unknown god.
  2046 | D:3      | Noticed Toad22484's ghost (amateur MiBe)
  2069 | D:3      | Killed Toad22484's ghost
  2069 | D:3      | Reached skill level 5 in Fighting
  2069 | D:3      | Reached skill level 6 in Axes
  2069 | D:3      | Reached XP level 6. HP: 29/56 MP: 5/5
  2395 | D:3      | Noticed Ijyb
  2414 | D:3      | Killed Ijyb
  2811 | D:4      | Reached *** piety under Trog
  2988 | D:4      | Noticed Silentouch's ghost (amateur DrFi)
  3000 | D:4      | Killed Silentouch's ghost
  3000 | D:4      | Reached skill level 7 in Axes
  3000 | D:4      | Reached XP level 7. HP: 62/62 MP: 6/6
  3157 | D:4      | Found a shadowy altar of Dithmenos.
  3187 | D:4      | Reached skill level 5 in Armour
  3575 | D:5      | Entered Level 5 of the Dungeon
  3580 | D:5      | Noticed gmarks's ghost (novice OpWn)
  3595 | D:5      | Killed gmarks's ghost
  3595 | D:5      | Reached skill level 8 in Axes
  3595 | D:5      | Reached XP level 8. HP: 17/70 MP: 7/7
  3596 | D:5      | Reached skill level 5 in Dodging
  4093 | D:5      | Reached **** piety under Trog
  4093 | D:5      | Reached skill level 9 in Axes
  4122 | D:5      | Found a staircase to the Ecumenical Temple.
  4758 | D:6      | Reached XP level 9. HP: 79/79 MP: 8/8
  5087 | D:6      | Reached skill level 10 in Axes
  5318 | D:6      | Noticed Toad22484's ghost (novice MiBe)
  5324 | D:6      | Killed Toad22484's ghost
  5810 | D:7      | Noticed a two-headed ogre
  5822 | D:7      | Killed a two-headed ogre
  5822 | D:7      | Reached skill level 11 in Axes
  5880 | D:7      | Reached XP level 10. HP: 90/90 MP: 9/9
  5889 | D:7      | Noticed Joseph
  5899 | D:7      | Killed Joseph
  6467 | D:7      | Reached ***** piety under Trog
  6706 | D:8      | Got a scintillating lead amulet
  6740 | D:8      | Reached skill level 12 in Axes
  7240 | D:8      | Noticed Erica
  7250 | D:8      | Killed Erica
  7852 | D:9      | Reached XP level 11. HP: 99/99 MP: 10/10
  8040 | D:9      | Reached skill level 13 in Axes
  8152 | D:9      | Received a gift from Trog
  8245 | D:10     | Entered Level 10 of the Dungeon
  8289 | D:10     | Reached skill level 10 in Fighting
  8570 | D:10     | Found a staircase to the Orcish Mines.
  8590 | D:10     | Found Juqibleg's Armour Boutique.
  8992 | D:9      | Found a hide-covered altar of Uskayaw.
  9130 | D:11     | Reached skill level 10 in Armour
  9205 | D:11     | Found a staircase to the Lair.
  9298 | D:11     | Noticed manchovi's ghost (journeyman MiFi)
  9310 | D:11     | Killed manchovi's ghost
  9312 | D:11     | Reached skill level 14 in Axes
 10074 | Lair:1   | Entered Level 1 of the Lair of Beasts
 10145 | Lair:1   | Received a gift from Trog
 10379 | Lair:1   | Reached XP level 12. HP: 110/110 MP: 11/11
 10415 | Lair:1   | Reached skill level 10 in Dodging
 11073 | Lair:2   | Noticed a seven-headed hydra
 11075 | Lair:2   | Reached skill level 15 in Axes
 11080 | Lair:2   | Killed a ten-headed hydra
 11216 | Lair:1   | Identified the amulet "Liusy" {Faith rElec Str+2} (You found it on level 8 of the Dungeon)
 11237 | Lair:2   | Found the +0 Maxwell's etheric cage {RegenMP+ *Contam rElec MP+4}
 11562 | Lair:2   | Reached ****** piety under Trog
 11622 | Lair:2   | Reached skill level 16 in Axes
 12198 | Lair:3   | Found a staircase to the Swamp.
 12264 | Lair:3   | Reached XP level 13. HP: 118/118 MP: 12/12
 12997 | Lair:4   | Found a hole to the Spider Nest.
 13093 | Lair:4   | HP: 5/119 [12-headed hydra (5)]
 13093 | Lair:4   | HP: 2/119 [12-headed hydra (3)]
 13094 | Lair:4   | Slain by a spiny frog

Skill      XL: |  1  2  3  4  5  6  7  8  9 10 11 12 |
---------------+-------------------------------------+-----
Axes           | 4 5 6 7 8 9 11 12 14 16 | 16.5
Fighting       | 4 5 6 7 8 9 11 12 | 12.4
Armour         | 3 4 5 6 8 9 10 12 | 12.2
Dodging        | 3 4 6 7 8 9 11 | 11.2

Action                   |  1- 3 |  4- 6 |  7- 9 | 10-12 | 13-15 || total
-------------------------+-------+-------+-------+-------+-------++-------
Melee: Hand axe          |    52 |   182 |   169 |   487 |       ||   890
       Headbutt          |     4 |    35 |    47 |   116 |     9 ||   211
       Flail             |       |       |    49 |       |       ||    49
       Battleaxe         |       |       |       |   202 |    37 ||   239
Invok: Berserk           |       |     2 |     3 |     5 |       ||    10
       Burn Spellbooks   |       |       |       |     3 |       ||     3
  Use: Scroll            |       |       |       |     9 |       ||     9
  Eat: Chunk             |       |     8 |     5 |    15 |     1 ||    29
       Ration            |       |       |     2 |     5 |       ||     7
Armor: Animal skin       |     7 |       |       |       |       ||     7
       Leather armour    |     2 |    29 |       |       |       ||    31
       Ring mail         |       |    17 |    61 |    45 |       ||   123
       Scale mail        |       |       |       |    23 |       ||    23
       Plate armour      |       |       |       |   300 |    95 ||   395
       Chain mail        |       |       |       |    14 |       ||    14
Dodge: Dodged            |    35 |   118 |   120 |   357 |    43 ||   673
